 Dungeon Crawl Stone Soup version 0.20.1-1-g8b1a95d (webtiles) character file.

413 vineage the Chopper (level 6, -1/47 HPs)
             Began as a Demonspawn Gladiator on Aug 22, 2017.
             Slain by Edmund
             ... wielding a +4 flail of holy wrath
              (16 damage)
             ... on level 4 of the Dungeon.
             The game lasted 00:06:26 (3869 turns).

vineage the Chopper (Demonspawn Gladiator)          Turns: 3869, Time: 00:06:26

Health: -1/47      AC:  3    Str: 17    XL:     6   Next: 59%
Magic:  6/6        EV: 13    Int:  9    God:
Gold:   123        SH:  0    Dex: 14    Spells: 5/5 levels left

rFire    . . .     SeeInvis .   v - +2 falchion (slice)
rCold    . . .     Gourm    +   (no shield)
rNeg     . . .     Faith    .   b - +0 leather armour
rPois    .         Spirit   .   (helmet restricted)
rElec    .         Reflect  .   (no cloak)
rCorr    .         Harm     .   (no gloves)
MR       .....                  (no boots)
Stlth    +.........             e - amulet of the gourmand
Regen    0.2/turn               (no ring)
MPRegen  0.1/turn               (no ring)

@: confused
A: claws 1, horns 1, talons 1
a: no special abilities


You were on level 4 of the Dungeon.
You were not hungry.

You visited 1 branch of the dungeon, and saw 4 of its levels.

You collected 123 gold pieces.

Inventory:

Hand Weapons
 a - a +0 war axe
 m - a +0 whip of electrocution
 q - a +1 short sword of speed
 v - a +2 falchion of slicing (weapon)
Missiles
 d - 5 throwing nets (quivered)
 o - 4 poisoned tomahawks
Armour
 b - a +0 leather armour (worn)
 c - a +0 helmet
Jewellery
 e - an amulet of the gourmand (around neck)
 t - a +4 ring of dexterity {unknown}
Scrolls
 g - a scroll of recharging {unknown}
 h - 4 scrolls of identify {unknown}
 i - 2 scrolls of amnesia {unknown}
 j - 2 scrolls of enchant weapon {unknown}
 k - a scroll of enchant armour {unknown}
 l - a scroll of fear {unknown}
 r - a scroll of magic mapping {unknown}
 s - 2 scrolls of remove curse {unknown}
Comestibles
 f - a bread ration
 n - 2 royal jellies
 p - 2 meat rations


   Skills:
 + Level 3.1 Fighting
 - Level 2.5(2.6) Short Blades
 * Level 1.0(2.0) Long Blades
 + Level 3.9 Axes
 + Level 1.8 Throwing
 + Level 2.5 Armour
 + Level 3.5 Dodging
 - Level 1.2 Stealth


You had 5 spell levels left.
You didn't know any spells.

Dungeon Overview and Level Annotations

Branches:
Dungeon (4/15)
 Temple: D:4-7

Altars:
Sif Muna

Annotations:
D:4 Edmund


Innate Abilities, Weirdness & Mutations

You have sharp fingernails.
You have a pair of small horns on your head.
You have sharp toenails.


Message History

Edmund closely misses you.
You hit Edmund. Your kick misses Edmund.
Edmund is moderately wounded.
Edmund barely misses you.
You riposte.
You hit Edmund but do no damage. You claw Edmund.
Edmund is moderately wounded.
You hit Edmund. Your kick misses Edmund.
Edmund is heavily wounded.
Edmund hits you with a flail of holy wrath!
You convulse.
You hit Edmund. Your kick misses Edmund.
Edmund is heavily wounded.
Edmund hits you with a flail of holy wrath.
You convulse.
It was a potion of ambrosia.
You are confused.
You feel invigorated.
Edmund hits you with a flail of holy wrath!
You convulse!
You die...

####### #.....##### #.........#
##### #.....###.######## ....#
####..# #.@@r..... .(..#
##.#######..... ....# #..# ##.
....# ##.# ....# #.# ....### #.#
......#### #.##
....#....###..#### #.##....
.#######.........#########.#.....


You could see Edmund and a quokka.

Vanquished Creatures
  An ogre (D:4)
  A hound (D:4)
  2 orc wizards
  Terence (D:2)
  6 adders
  6 gnolls
  An ooze (D:3)
  2 worms
  3 dart slugs
  2 leopard geckos
  8 orcs
  5 giant cockroaches
  5 goblins
  15 hobgoblins
  6 kobolds
  A quokka (D:2)
  10 bats
  A frilled lizard (D:1)
  A leopard gecko skeleton (D:4)
  9 rats
86 creatures vanquished.

Notes
Turn   | Place    | Note
-------+----------+-------------------------------------------
     0 | D:1      | vineage the Demonspawn Gladiator began the quest for the Orb.
     0 | D:1      | Reached XP level 1. HP: 16/16 MP: 1/1
   119 | D:1      | Gained mutation: You have a pair of small horns on your head. [demonic ancestry]
   119 | D:1      | Reached XP level 2. HP: 6/22 MP: 2/2
   797 | D:1      | Reached XP level 3. HP: 27/28 MP: 3/3
  1313 | D:2      | Reached skill level 1 in Armour
  1590 | D:2      | Found a deep blue altar of Sif Muna.
  1600 | D:2      | Noticed Terence
  1615 | D:2      | Killed Terence
  1615 | D:2      | Reached XP level 4. HP: 30/34 MP: 4/4
  2441 | D:3      | Gained mutation: You have sharp toenails. [demonic ancestry]
  2441 | D:3      | Reached XP level 5. HP: 35/39 MP: 5/5
  2846 | D:3      | Reached skill level 1 in Short Blades
  3449 | D:4      | Reached skill level 1 in Stealth
  3449 | D:4      | Gained mutation: You have sharp fingernails. [demonic ancestry]
  3449 | D:4      | Reached XP level 6. HP: 28/46 MP: 6/6
  3621 | D:4      | Reached skill level 1 in Long Blades
  3862 | D:4      | Noticed Edmund
  3869 | D:4      | Slain by Edmund

Skill      XL: |  1  2  3  4  5  6 |
---------------+-------------------+-----
Dodging        | 3 |  3.5
Axes           | 3 |  3.9
Armour         | 1 2 |  2.5
Short Blades   | 2 |  2.5
Stealth        | 1 |  1.2
Fighting       | 3 |  3.1
Long Blades    | 1 |  1.0
Throwing       | |  1.8

Action                   |  1- 3 |  4- 6 || total
-------------------------+-------+-------++-------
Melee: War axe           |    82 |       ||    82
       Headbutt          |     4 |    27 ||    31
       Short sword       |       |   154 ||   154
       Kick              |       |    41 ||    41
       Falchion          |       |    14 ||    14
  Use: Potion            |       |     5 ||     5
       Scroll            |       |     2 ||     2
 Stab: Distracted        |     1 |       ||     1
       Sleeping          |       |     1 ||     1
  Eat: Chunk             |     1 |     9 ||    10
Armor: Leather armour    |    31 |    27 ||    58
       Skin              |       |    15 ||    15
Dodge: Dodged            |    58 |   108 ||   166
       Rpst.: Falchion   |       |     3 ||     3
